 Dungeon Crawl Stone Soup version 0.31-a0-949-g57150269e1 (webtiles) character file.

Game seed: 7150351319695616542

512 olmar the Covered (level 6, -35/54 HPs)
             Began as an Armataur Fighter on Oct 21, 2023.
             Killed by an exploding goblin (40 damage)
             ... ignited by their inner flame
             ... on level 4 of the Dungeon.
             The game lasted 00:05:40 (3027 turns).

olmar the Covered (Armataur Fighter)                Turns: 3027, Time: 00:05:41

Health: -35/54     AC: 16    Str: 28    XL:     6   Next: 99%
Magic:  5/5        EV:  6    Int:  8    God:
Gold:   167        SH:  4    Dex:  9    Spells: 5/5 levels left

rFire   x . .        d - +1 flail (protect)
rCold   . . .        c - +0 buckler
rNeg    . . .        e - +0 chain mail
rPois   .            (no helmet)
rElec   .            (no cloak)
rCorr   .            (no gloves)
SInv    +            (no barding)
Will    .....        (no amulet) Stlth
                     l - +6 ring of strength
HPRegen 0.00/turn    n - ring of see invisible
MPRegen 0.09/turn

%: roll
@: brilliant, under a protective aura, inhibited regen
A: large, rugged brown scales 3, deformed body, armoured tail, roll, long
tongue, awkward tongue, low MP 1, inhibited regeneration, weak 1, wild magic 1,
heat vulnerability 1
a: no special abilities


You were on level 4 of the Dungeon.
You visited 1 branch of the dungeon, and saw 4 of its levels.

You collected 167 gold pieces.

Inventory:

Hand Weapons
 d - a +1 flail of protection (weapon)
Armour
 c - a +0 buckler (worn)
 e - a +0 chain mail (worn)
Jewellery
 l - a +6 ring of strength (left hand)
 n - a ring of see invisible (right hand)
Wands
 o - a wand of flame (18)
Scrolls
 i - a scroll of amnesia {unknown}
 k - 2 scrolls of identify
 m - a scroll of fog {unknown}
 p - a scroll of teleportation {unknown}
Potions
 b - a potion of curing
 g - 2 potions of enlightenment
 j - 3 potions of heal wounds {unknown}


   Skills:
 + Level 3.6 Fighting
 + Level 5.0 Maces & Flails
 + Level 5.6 Armour
 + Level 4.2 Shields


You had 5 spell levels left.
You didn't know any spells.
Your spell library was empty.

Dungeon Overview and Level Annotations

Branches:
Dungeon (4/15)
 Temple: D:4-7

Altars:
Sif Muna
Trog
Jiyva

Shops:
D:2 [([[(   D:3 [   D:4 *

Annotations:
D:2 1 runed translucent door, Crazy Yiuf


Innate Abilities, Weirdness & Mutations

You are completely covered in rugged brown scales. (AC +3, +7% HP)
Armour fits poorly on your strangely shaped body.
You have a long armoured tail.
You roll when moving toward enemies. (Rampage)
Your long tongue fully drains potion bottles. (2x potion effects)
Your tongue gives you trouble enunciating. (1.5x scroll delay)
Your magical capacity is low. (-10% MP)
You do not regenerate when monsters are visible.
You are weak. (Str -2)
Your spells are a little harder to cast, but a little more powerful.
You are vulnerable to heat. (rF-)


Message History

Unknown command.
It was a potion of brilliance.
You feel clever all of a sudden.
You slurp down every last drop of the potion of brilliance!
The goblin hits you but does no damage. You block the goblin's attack.
The goblin hits you but does no damage. x2
Unknown command.
Unknown command.
As you slowly read the scroll labelled ROL REDETWOEKA, it crumbles to dust.
The creatures around you are filled with an inner flame!
It was a scroll of immolation.
Robin throws the goblin at you! The goblin hits you but does no damage.
The goblin hits you with a +0 dagger. x3
You block the goblin's attack. The goblin hits you with a +0 club.
The goblin completely misses you.
The goblin hits you but does no damage. x2
The goblin barely misses you.
Unknown command.
Okay, then.
You closely miss the goblin. Robin throws the goblin at you!
The goblin hits you with a +0 club. You block the goblin's attack.
The goblin hits you but does no damage. x2; The goblin hits you with a +0 club.
The goblin hits you with a +0 dagger. The goblin barely misses you.
Unknown command.
Unknown command.
Unknown command.
Unknown command.
You thump the goblin!
Your weapon exudes an aura of protection.
The goblin explodes!
The fiery explosion engulfs you!! The fire burns you terribly!
Ouch! That really hurt!
* * * LOW HITPOINT WARNING * * *
The fiery explosion engulfs Robin!!!
The fiery explosion engulfs the goblin!!
The fiery explosion engulfs the hobgoblin!!!
The hobgoblin explodes!
The goblin explodes!
The fiery explosion engulfs the goblin!!!
You kill the goblin!
The fiery explosion engulfs you!!! The fire burns you terribly!
Ouch! That really hurt!
You die...

...........###.####
#.#
########..........#
#.#
########..........#
#.#
##................#
#.#
##.#####..........#
#.#
#................#
#.#
##................#
#.#
...............g§g#
#.#
...#...........g@§#
#.#
...#...........g§§#
#.#
................§.#
#.#
..##............§§§
#.# ..#
....#+######..g.
#.# ..## ...#
#..... #.#
........# #......
#.# .........
#....... #.# .....#
##.#


You could see a hobgoblin (strong) and 4 goblins.

Vanquished Creatures
  A glass eye (D:1)
  2 ogres (D:4)
  A phantom (D:4)
  A howler monkey (D:4)
  A hound (D:4)
  Ijyb (D:3)
  Jessica (D:2)
  Robin (D:4)
  3 gnolls (D:4)
  3 adders
  2 worms (D:2)
  5 dart slugs
  7 bats
  5 endoplasms
  7 giant cockroaches
  14 hobgoblins
  4 quokkas
  8 ball pythons
  4 frilled lizards (D:1)
  8 goblins
  7 kobolds
  3 rats
89 creatures vanquished.

Notes
Turn   | Place    | Note
-------+----------+-------------------------------------------
     0 | D:1      | olmar the Armataur Fighter began the quest for the Orb.
     0 | D:1      | Reached XP level 1. HP: 19/19 MP: 1/1
   134 | D:1      | Reached XP level 2. HP: 21/26 MP: 2/2
   374 | D:1      | Found a faded altar of an unknown god.
   421 | D:1      | Prayed at the altar of an unknown god.
   421 | D:1      | Became a worshipper of Jiyva Jourghim the Shapeless
   421 | D:1      | Reached * piety under Jiyva
   422 | D:1      | Fell from the grace of Jiyva
   532 | D:1      | Reached XP level 3. HP: 28/33 MP: 3/3
   541 | D:1      | Noticed a glass eye
   570 | D:1      | Killed a glass eye
   704 | D:1      | Gained mutation: You do not regenerate when monsters are
                  | visible. [mutagenic glow]
   715 | D:1      | Gained mutation: Your magical capacity is low. (-10% MP)
                  | [mutagenic glow]
   910 | D:2      | Found Rupuclat's Antique Armour Emporium.
   975 | D:2      | Reached XP level 4. HP: 24/40 MP: 3/3
  1081 | D:2      | You fall into a shaft and drop 2 floors!
  1081 | D:3      | Identified the "Zucs"
  1081 | D:3      | Identified the "Okhoick"
  1081 | D:3      | Identified the of Umacloki
  1230 | D:3      | Noticed Ijyb
  1230 | D:3      | Found Veipiso's Antique Armour Shop.
  1310 | D:4      | Noticed an ogre
  1317 | D:4      | Killed an ogre
  1318 | D:4      | Reached XP level 5. HP: 48/48 MP: 4/4
  1404 | D:4      | Noticed a phantom
  1415 | D:4      | Killed a phantom
  1416 | D:4      | Reached XP level 6. HP: 26/54 MP: 5/5
  1499 | D:4      | Gained mutation: You are weak. (Str -2) [mutagenic glow]
  1593 | D:2      | Found Sodikkum's Weapon Shop.
  1635 | D:2      | Found Dyjiyla's Armour Emporium.
  1663 | D:2      | Noticed Jessica
  1666 | D:2      | Killed Jessica
  1667 | D:2      | Reached skill level 5 in Armour
  1673 | D:2      | Found Xaro's Armour Shoppe.
  1744 | D:2      | Found Xolil's Weapon Emporium.
  1786 | D:2      | Found a runed translucent door.
  1787 | D:2      | Noticed Crazy Yiuf
  1883 | D:2      | Gained mutation: Your spells are a little harder to cast,
                  | but a little more powerful. [mutagenic glow]
  1896 | D:2      | Gained mutation: You are vulnerable to heat. (rF-)
                  | [mutagenic glow]
  2100 | D:3      | Noticed an ice beast
  2139 | D:3      | Killed Ijyb
  2186 | D:3      | Found a shimmering blue altar of Sif Muna.
  2381 | D:3      | Found Faqi's Antique Armour Emporium.
  2500 | D:3      | Found a bloodstained altar of Trog.
  2737 | D:4      | Found Wuvexul's CLEARANCE SALE!.
  2791 | D:4      | Reached skill level 5 in Maces & Flails
  3020 | D:4      | Noticed Robin
  3027 | D:4      | Killed Robin
  3027 | D:4      | Killed by an exploding goblin... ignited by their inner
                  | flame

Illustrated notes

Levels and vault maps discovered:
D:1:      nagdon_arrival_double_spiral, layout_loops_cross,
          dreamdust_ecumenical_altar_statues, minmay_hedge_maze, st_stairs_3,
          minmay_unequal
D:2:      layout_rooms, serial_shops, nicolae_shop_bloodbath_and_beyond,
          nicolae_shop_scrapyard, shop, shop, nicolae_shop_dealshenge,
          uniq_crazy_yiuf_cottage, uniq_jessica
D:3:      layout_loops_ring, mainiacjoe_overflow_alcove_2,
          nicolae_sif_muna_little_library, serial_shops, shop,
          nicolae_shop_hallway_stairs, uniq_ijyb
D:4:      layout_basic, nicolae_shop_clearance, uniq_robin

Skill      XL: |  1  2  3  4  5  6 |
---------------+-------------------+-----
Maces & Flails | 2 4 5 |  5.0
Armour         | 4 5 |  5.6
Fighting       | 3 |  3.6
Shields        | 4 |  4.2

Action                     |  1- 3 |  4- 6 || total
---------------------------+-------+-------++-------
  Melee: Flail             |   118 |   119 ||   237
         Tailslap          |     9 |    15 ||    24
 Invoke: Renounce Religion |     1 |       ||     1
    Use: Potion            |       |     6 ||     6
         Scroll            |       |     2 ||     2
 Armour: Scale mail        |    17 |       ||    17
         Chain mail        |    52 |    97 ||   149
  Dodge: Dodged            |    37 |    33 ||    70
  Block: Buckler           |    15 |    26 ||    41

Table legend: (Time is in decaauts)
 A = Elapsed time spent in this place.
 B = Non-inter-level travel time spent in this place.
 C = Inter-level travel time spent in this place.
 D = Time resting spent in this place.
 E = Time spent auto-exploring this place.
 F = Levels seen in this place.
 G = Mean time per level.
                   A        B        C        D        E       F      G
               +--------+--------+--------+--------+--------+-----+--------+
         Total |   3097 |   2970 |    127 |    179 |   2100 |   4 |  774.2 |
       Dungeon |   3097 |   2970 |    127 |    179 |   2100 |   4 |  774.2 |
               +--------+--------+--------+--------+--------+-----+--------+

Top non-repeatable levels by time:
     D:1: 911 daAuts
     D:4: 887 daAuts
     D:3: 673 daAuts
     D:2: 624 daAuts
